[ PARTIDA AOE2 · #487443886 ]
UnrankedEtíopes vs Celts
[ ANÁLISIS DE REPETICIÓN · EXTRAÍDO DE LA PARTIDA GRABADA ]
Feudal
12:52
Castillos
16:50
Imperial
44:01
| APM promedio | 14.1 |
| APM pico | 31 |
| eAPM promedio | 10.0 |
| Aldeanos / militares | 114 / 120 |
Foco
⚔️ 31.6% · 🌾 68.4%
Shotel Warrior ×113 · Battering Ram ×4 · Knight ×3
Feudal
12:40
Castillos
18:44
Imperial
33:12
| APM promedio | 12.7 |
| APM pico | 32 |
| eAPM promedio | 11.0 |
| Aldeanos / militares | 146 / 203 |
Foco
⚔️ 27.2% · 🌾 72.8%
Woad Raider ×203
Feudal
12:25
Castillos
21:33
Imperial
—
| APM promedio | 18.5 |
| APM pico | 44 |
| eAPM promedio | 13.2 |
| Aldeanos / militares | 96 / 162 |
Foco
⚔️ 35.7% · 🌾 64.3%
Magyar Huszar ×63 · Skirmisher ×55 · Scout Cavalry ×30 · Spearman ×8 · Knight ×2 · Militia ×2
Feudal
—
Castillos
—
Imperial
—
| APM promedio | 12.1 |
| APM pico | 30 |
| eAPM promedio | 8.6 |
| Aldeanos / militares | 92 / 41 |
Foco
⚔️ 28.7% · 🌾 71.3%
Bombard Cannon ×12 · Spearman ×11 · Mangonel ×9 · Scorpion ×7 · Trade Cart ×6 · Militia ×1
Feudal
10:38
Castillos
15:03
Imperial
31:16
| APM promedio | 40.1 |
| APM pico | 97 |
| eAPM promedio | 22.0 |
| Aldeanos / militares | 113 / 141 |
Foco
⚔️ 29.8% · 🌾 70.2%
Knight ×124 · Battering Ram ×8 · Throwing Axeman ×5 · Mangonel ×2 · Monk ×1 · Scorpion ×1
Feudal
10:46
Castillos
17:28
Imperial
39:34
| APM promedio | 23.8 |
| APM pico | 54 |
| eAPM promedio | 12.7 |
| Aldeanos / militares | 114 / 117 |
Foco
⚔️ 33.5% · 🌾 66.5%
Archer ×59 · Spearman ×51 · Battering Ram ×3 · Monk ×2 · Petard ×2
Feudal
11:45
Castillos
16:10
Imperial
—
| APM promedio | 33.8 |
| APM pico | 86 |
| eAPM promedio | 18.2 |
| Aldeanos / militares | 94 / 7 |
Foco
⚔️ 16.8% · 🌾 83.2%
Unknown (1968) ×90 · Battering Ram ×6 · Mangonel ×1
Feudal
10:07
Castillos
16:59
Imperial
—
| APM promedio | 19.7 |
| APM pico | 44 |
| eAPM promedio | 11.3 |
| Aldeanos / militares | 88 / 261 |
Foco
⚔️ 30.2% · 🌾 69.8%
Karambit Warrior ×167 · Battle Elephant ×50 · Spearman ×41 · Fishing Ship ×2 · Battering Ram ×2 · Scorpion ×1
Mapa de la partida
Recursos iniciales + cada clic de construcción. Líneas = muros · curvas = relieve. ◆ oro · ⬟ piedra · ● bayas · ✦ reliquia · ◌ hueco del cierre
Tu base· Abierta — flanco sin cerrar
Base de .:sTeeL:.· Abierta — flanco sin cerrar
Base de felipegarcia92· Abierta — hueco de 7t
Base de BackupFish20185· Abierta — flanco sin cerrar
Base de 阿包又屎又烂瘾· Abierta — flanco sin cerrar
Base de vitavidal91· Abierta — flanco sin cerrar
Base de 啊斯基烂坦· Abierta — flanco sin cerrar
Base de GuilleLeopold17· Abierta — flanco sin cerrar
Terreno inicial suavizado · ◌ = hueco del cierre detectado · pasá el cursor para detalles
Inputs por minuto
— tatomagallanes - - .:sTeeL:.
Build order — tatomagallanes
Primeras 150 de 325 acciones detectadas
| 0:01 | Encolar | Villager (Male) |
| 0:02 | Encolar | Villager (Male) |
| 0:02 | Encolar | Villager (Male) |
| 0:02 | Encolar | Villager (Male) |
| 0:02 | Encolar | Villager (Male) |
| 0:10 | Construir | House |
| 0:16 | Construir | House |
| 1:41 | Encolar | Villager (Male) |
| 2:16 | Encolar | Villager (Male) |
| 2:42 | Investigar | Loom |
| 3:13 | Encolar | Villager (Male) |
| 3:14 | Encolar | Villager (Male) |
| 3:56 | Encolar | Villager (Male) |
| 3:57 | Encolar | Villager (Male) |
| 4:11 | Construir | Mill |
| 4:38 | Construir | House |
| 4:49 | Construir | Lumber Camp |
| 5:02 | Encolar | Villager (Male) |
| 5:02 | Encolar | Villager (Male) |
| 5:49 | Encolar | Villager (Male) |
| 5:49 | Encolar | Villager (Male) |
| 6:57 | Encolar | Villager (Male) |
| 6:57 | Encolar | Villager (Male) |
| 6:57 | Encolar | Villager (Male) |
| 7:11 | Construir | House |
| 7:14 | Construir | House |
| 7:56 | Encolar | Villager (Male) |
| 8:33 | Encolar | Villager (Male) |
| 8:43 | Construir | Farm |
| 8:46 | Construir | Farm |
| 8:49 | Encolar | Villager (Male) |
| 8:49 | Encolar | Villager (Male) |
| 8:55 | Construir | Farm |
| 9:08 | Construir | Mill |
| 9:20 | Construir | Farm |
| 9:22 | Encolar | Villager (Male) |
| 9:51 | Encolar | Villager (Male) |
| 10:25 | Construir | Mining Camp |
| 10:42 | Investigar | Feudal Age |
| 12:20 | Construir | Barracks |
| 12:31 | Encolar | Villager (Male) |
| 12:31 | Encolar | Villager (Male) |
| 12:31 | Encolar | Villager (Male) |
| 12:52 | Edad | Edad Feudal |
| 13:03 | Construir | Blacksmith |
| 13:16 | Construir | Stable |
| 13:39 | Investigar | Double-Bit Axe |
| 14:10 | Investigar | Castle Age |
| 14:25 | Construir | Stone Wall |
| 14:53 | Construir | Stone Wall |
| 15:17 | Construir | Mining Camp |
| 15:21 | Investigar | Stone Mining |
| 15:59 | Construir | Stone Wall |
| 16:07 | Construir | Stone Wall |
| 16:36 | Construir | Farm |
| 16:38 | Construir | Farm |
| 16:40 | Construir | Farm |
| 16:44 | Investigar | Horse Collar |
| 16:50 | Edad | Edad de los Castillos |
| 17:10 | Construir | Town Center |
| 17:15 | Encolar | Villager (Male) |
| 17:15 | Encolar | Villager (Male) |
| 17:25 | Encolar | Knight |
| 17:25 | Encolar | Knight |
| 17:50 | Construir | House |
| 17:53 | Construir | House |
| 17:55 | Construir | House |
| 17:59 | Encolar | Villager (Male) |
| 18:04 | Investigar | Wheelbarrow |
| 18:54 | Encolar | Knight |
| 19:02 | Encolar | Villager (Male) |
| 19:02 | Encolar | Villager (Male) |
| 19:09 | Encolar | Villager (Male) |
| 19:19 | Construir | House |
| 19:22 | Construir | House |
| 19:23 | Construir | House |
| 19:26 | Construir | House |
| 19:41 | Encolar | Villager (Male) |
| 19:47 | Encolar | Villager (Male) |
| 19:52 | Construir | Farm |
| 20:08 | Encolar | Villager (Male) |
| 20:16 | Construir | Farm |
| 20:26 | Encolar | Villager (Male) |
| 20:32 | Encolar | Villager (Male) |
| 20:33 | Encolar | Villager (Male) |
| 20:44 | Construir | Farm |
| 20:47 | Encolar | Villager (Male) |
| 21:15 | Construir | Town Center |
| 21:23 | Construir | Farm |
| 21:25 | Encolar | Villager (Male) |
| 21:25 | Encolar | Villager (Male) |
| 21:31 | Construir | Farm |
| 21:36 | Encolar | Villager (Male) |
| 21:37 | Encolar | Villager (Male) |
| 21:42 | Construir | House |
| 21:44 | Construir | House |
| 21:47 | Construir | House |
| 21:49 | Construir | House |
| 22:09 | Construir | Farm |
| 22:13 | Encolar | Villager (Male) |
| 22:21 | Construir | Farm |
| 22:25 | Encolar | Villager (Male) |
| 22:27 | Encolar | Villager (Male) |
| 22:28 | Encolar | Villager (Male) |
| 22:34 | Construir | Farm |
| 22:35 | Construir | Farm |
| 22:36 | Construir | Farm |
| 22:38 | Construir | Farm |
| 22:39 | Construir | Farm |
| 22:59 | Construir | Farm |
| 23:15 | Investigar | Bow Saw |
| 23:17 | Investigar | Stone Shaft Mining |
| 23:20 | Encolar | Villager (Male) |
| 23:20 | Encolar | Villager (Male) |
| 23:44 | Construir | Farm |
| 23:46 | Encolar | Villager (Male) |
| 23:46 | Encolar | Villager (Male) |
| 23:49 | Encolar | Villager (Male) |
| 23:55 | Encolar | Villager (Male) |
| 24:17 | Construir | Farm |
| 24:25 | Construir | Farm |
| 24:26 | Construir | Farm |
| 24:35 | Investigar | Squires |
| 24:40 | Investigar | Scale Mail Armor |
| 24:43 | Encolar | Villager (Male) |
| 24:43 | Encolar | Villager (Male) |
| 24:46 | Encolar | Villager (Male) |
| 24:47 | Encolar | Villager (Male) |
| 25:00 | Construir | Castle |
| 25:04 | Encolar | Villager (Male) |
| 25:04 | Encolar | Villager (Male) |
| 25:13 | Construir | Farm |
| 25:18 | Construir | Farm |
| 25:56 | Construir | Farm |
| 25:59 | Investigar | Hand Cart |
| 26:02 | Encolar | Villager (Male) |
| 26:02 | Encolar | Villager (Male) |
| 26:07 | Construir | Farm |
| 26:07 | Construir | Farm |
| 26:09 | Construir | Farm |
| 26:10 | Construir | Farm |
| 26:15 | Encolar | Villager (Male) |
| 26:16 | Encolar | Villager (Male) |
| 26:23 | Investigar | Heavy Plow |
| 26:31 | Investigar | Forging |
| 26:44 | Encolar | Villager (Male) |
| 26:47 | Investigar | Gold Mining |
| 26:56 | Encolar | Villager (Male) |
| 27:12 | Construir | Farm |
| 27:14 | Construir | Farm |
Build order — .:sTeeL:.
Primeras 150 de 393 acciones detectadas
| 0:02 | Encolar | Villager (Male) |
| 0:02 | Encolar | Villager (Male) |
| 0:03 | Encolar | Villager (Male) |
| 0:03 | Encolar | Villager (Male) |
| 0:09 | Construir | House |
| 0:14 | Construir | House |
| 1:34 | Encolar | Villager (Male) |
| 1:58 | Construir | Lumber Camp |
| 2:07 | Encolar | Villager (Male) |
| 2:19 | Construir | House |
| 2:25 | Construir | House |
| 2:29 | Encolar | Villager (Male) |
| 2:41 | Encolar | Villager (Male) |
| 3:16 | Encolar | Villager (Male) |
| 3:43 | Encolar | Villager (Male) |
| 4:13 | Investigar | Loom |
| 4:20 | Construir | Mill |
| 4:30 | Encolar | Villager (Male) |
| 4:30 | Encolar | Villager (Male) |
| 4:55 | Encolar | Villager (Male) |
| 5:19 | Encolar | Villager (Male) |
| 5:55 | Encolar | Villager (Male) |
| 6:29 | Encolar | Villager (Male) |
| 6:29 | Encolar | Villager (Male) |
| 6:30 | Encolar | Villager (Male) |
| 6:30 | Encolar | Villager (Male) |
| 7:08 | Encolar | Villager (Male) |
| 7:24 | Construir | Mill |
| 7:59 | Encolar | Villager (Male) |
| 8:12 | Construir | House |
| 8:15 | Construir | House |
| 8:16 | Construir | House |
| 8:17 | Construir | House |
| 8:22 | Construir | Lumber Camp |
| 8:27 | Encolar | Villager (Male) ×2 |
| 9:14 | Encolar | Villager (Male) |
| 10:01 | Encolar | Villager (Male) |
| 10:07 | Investigar | Feudal Age |
| 10:22 | Construir | Lumber Camp |
| 10:30 | Construir | Farm |
| 10:32 | Construir | Farm |
| 10:33 | Construir | Farm |
| 10:36 | Construir | Farm |
| 10:42 | Construir | Farm |
| 11:11 | Construir | Farm |
| 11:13 | Construir | Farm |
| 11:15 | Construir | Farm |
| 11:17 | Construir | Farm |
| 11:20 | Construir | Farm |
| 11:27 | Construir | Farm |
| 11:37 | Encolar | Villager (Male) |
| 12:40 | Edad | Edad Feudal |
| 12:42 | Investigar | Wheelbarrow |
| 12:45 | Investigar | Double-Bit Axe |
| 12:49 | Investigar | Horse Collar |
| 12:56 | Encolar | Villager (Male) |
| 12:56 | Encolar | Villager (Male) |
| 12:57 | Encolar | Villager (Male) |
| 12:57 | Encolar | Villager (Male) |
| 12:58 | Encolar | Villager (Male) |
| 13:07 | Construir | Market |
| 13:26 | Construir | Blacksmith |
| 13:30 | Encolar | Villager (Male) |
| 14:20 | Construir | Farm |
| 14:22 | Construir | Farm |
| 14:23 | Construir | Farm |
| 14:24 | Construir | Farm |
| 15:10 | Construir | Barracks |
| 15:49 | Construir | Mining Camp |
| 16:01 | Investigar | Castle Age |
| 16:07 | Encolar | Villager (Male) |
| 16:27 | Investigar | Stone Mining |
| 16:31 | Investigar | Gold Mining |
| 17:01 | Construir | Farm |
| 17:08 | Construir | Farm |
| 18:44 | Edad | Edad de los Castillos |
| 18:46 | Investigar | Heavy Plow |
| 18:46 | Investigar | Heavy Plow |
| 18:49 | Investigar | Bow Saw |
| 18:53 | Investigar | Hand Cart |
| 18:57 | Investigar | Stone Shaft Mining |
| 19:03 | Investigar | Gold Shaft Mining |
| 19:08 | Encolar | Villager (Male) |
| 19:20 | Construir | Town Center |
| 19:30 | Construir | Town Center |
| 19:41 | Encolar | Villager (Male) |
| 20:28 | Encolar | Villager (Male) |
| 20:29 | Encolar | Villager (Male) |
| 20:31 | Encolar | Villager (Male) |
| 20:39 | Encolar | Villager (Male) ×5 |
| 20:39 | Encolar | Villager (Male) ×2 |
| 20:40 | Encolar | Villager (Male) ×2 |
| 21:29 | Encolar | Villager (Male) |
| 21:29 | Encolar | Villager (Male) |
| 21:29 | Encolar | Villager (Male) |
| 21:30 | Encolar | Villager (Male) |
| 21:30 | Encolar | Villager (Male) |
| 21:30 | Encolar | Villager (Male) |
| 21:30 | Encolar | Villager (Male) |
| 21:31 | Encolar | Villager (Male) |
| 21:52 | Construir | Town Center |
| 22:35 | Construir | Mining Camp |
| 22:54 | Encolar | Villager (Male) |
| 22:55 | Encolar | Villager (Male) |
| 22:58 | Encolar | Villager (Male) |
| 23:00 | Encolar | Villager (Male) |
| 23:16 | Encolar | Villager (Male) ×5 |
| 23:16 | Encolar | Villager (Male) ×5 |
| 23:30 | Construir | House |
| 23:35 | Construir | House |
| 23:36 | Construir | House |
| 23:38 | Construir | House |
| 23:39 | Construir | House |
| 23:40 | Construir | House |
| 23:41 | Construir | House |
| 23:42 | Construir | House |
| 23:44 | Construir | House |
| 23:49 | Construir | House |
| 23:50 | Construir | House |
| 23:51 | Construir | House |
| 23:53 | Construir | House |
| 24:01 | Encolar | Villager (Male) ×5 |
| 24:01 | Encolar | Villager (Male) |
| 24:40 | Encolar | Villager (Male) |
| 24:41 | Encolar | Villager (Male) |
| 24:42 | Encolar | Villager (Male) |
| 24:43 | Encolar | Villager (Male) |
| 25:01 | Construir | Castle |
| 25:31 | Encolar | Villager (Male) ×5 |
| 25:31 | Encolar | Villager (Male) |
| 25:32 | Encolar | Villager (Male) |
| 25:44 | Construir | Farm |
| 25:44 | Construir | Farm |
| 25:44 | Construir | Farm |
| 25:45 | Construir | Farm |
| 25:45 | Construir | Farm |
| 25:45 | Construir | Farm |
| 25:45 | Construir | Farm |
| 25:46 | Construir | Farm |
| 25:46 | Construir | Farm |
| 25:47 | Construir | Farm |
| 25:47 | Construir | Farm |
| 25:54 | Construir | Farm |
| 25:55 | Construir | Farm |
| 25:55 | Construir | Farm |
| 25:55 | Construir | Farm |
| 25:56 | Construir | Farm |
| 25:56 | Construir | Farm |
| 25:56 | Construir | Farm |
| 25:56 | Construir | Farm |
Build order — felipegarcia92
Primeras 150 de 363 acciones detectadas
| 0:01 | Encolar | Villager (Male) |
| 0:02 | Encolar | Villager (Male) |
| 0:06 | Construir | House |
| 0:11 | Construir | House |
| 0:15 | Encolar | Villager (Male) |
| 0:16 | Encolar | Villager (Male) |
| 1:41 | Encolar | Villager (Male) |
| 2:13 | Encolar | Villager (Male) |
| 2:13 | Encolar | Villager (Male) |
| 2:31 | Encolar | Villager (Male) |
| 3:00 | Encolar | Villager (Male) |
| 3:11 | Construir | Lumber Camp |
| 3:23 | Encolar | Villager (Male) |
| 3:34 | Construir | House |
| 3:51 | Encolar | Villager (Male) |
| 3:51 | Encolar | Villager (Male) |
| 4:02 | Construir | Mill |
| 4:06 | Encolar | Villager (Male) |
| 4:40 | Investigar | Loom |
| 5:12 | Encolar | Villager (Male) |
| 5:12 | Encolar | Villager (Male) |
| 5:15 | Encolar | Villager (Male) |
| 5:15 | Encolar | Villager (Male) |
| 5:57 | Encolar | Villager (Male) |
| 5:58 | Encolar | Villager (Male) |
| 6:29 | Encolar | Villager (Male) |
| 6:29 | Encolar | Villager (Male) |
| 6:34 | Construir | House |
| 6:42 | Encolar | Villager (Male) |
| 6:56 | Encolar | Villager (Male) |
| 6:57 | Encolar | Villager (Male) |
| 6:57 | Encolar | Villager (Male) |
| 6:57 | Encolar | Villager (Male) |
| 8:08 | Encolar | Villager (Male) |
| 8:09 | Encolar | Villager (Male) |
| 8:21 | Construir | Mining Camp |
| 8:39 | Construir | Mining Camp |
| 9:07 | Construir | Mill |
| 9:10 | Encolar | Villager (Male) |
| 9:11 | Encolar | Villager (Male) |
| 9:11 | Encolar | Villager (Male) |
| 9:12 | Encolar | Villager (Male) |
| 10:15 | Investigar | Feudal Age |
| 10:37 | Construir | Barracks |
| 10:41 | Construir | House |
| 11:35 | Encolar | Militia |
| 11:35 | Encolar | Militia |
| 12:21 | Encolar | Villager (Male) |
| 12:22 | Encolar | Villager (Male) |
| 12:25 | Edad | Edad Feudal |
| 12:44 | Construir | Stable |
| 13:01 | Construir | Blacksmith |
| 13:25 | Construir | House |
| 13:27 | Construir | House |
| 13:30 | Construir | Farm |
| 13:31 | Construir | Farm |
| 13:31 | Construir | Farm |
| 13:31 | Construir | Farm |
| 13:32 | Construir | Farm |
| 13:43 | Encolar | Villager (Male) |
| 14:03 | Encolar | Spearman |
| 14:04 | Encolar | Spearman |
| 14:05 | Encolar | Villager (Male) |
| 14:18 | Construir | Farm |
| 14:32 | Construir | Farm |
| 14:38 | Encolar | Villager (Male) |
| 15:03 | Encolar | Villager (Male) |
| 15:06 | Construir | Farm |
| 15:10 | Investigar | Man-at-Arms (upgrade) |
| 15:14 | Encolar | Scout Cavalry |
| 15:16 | Encolar | Scout Cavalry |
| 15:20 | Investigar | Bloodlines |
| 15:22 | Encolar | Villager (Male) |
| 15:36 | Construir | Farm |
| 15:59 | Encolar | Villager (Male) |
| 16:11 | Construir | Farm |
| 16:11 | Construir | Farm |
| 16:12 | Construir | Farm |
| 16:12 | Construir | Farm |
| 16:28 | Encolar | Villager (Male) |
| 16:33 | Construir | Farm |
| 16:44 | Construir | Farm |
| 16:57 | Encolar | Villager (Male) |
| 17:09 | Construir | Farm |
| 17:18 | Construir | Farm |
| 17:27 | Construir | House |
| 18:03 | Encolar | Villager (Male) |
| 18:04 | Encolar | Villager (Male) |
| 18:15 | Construir | House |
| 18:16 | Construir | Farm |
| 18:35 | Construir | Farm |
| 18:43 | Investigar | Castle Age |
| 18:59 | Construir | Archery Range |
| 19:10 | Construir | Palisade Wall |
| 19:23 | Construir | Farm |
| 19:35 | Encolar | Spearman |
| 19:35 | Encolar | Spearman |
| 20:04 | Encolar | Villager (Male) |
| 20:22 | Encolar | Spearman |
| 20:27 | Investigar | Scale Mail Armor |
| 20:36 | Construir | House |
| 21:12 | Encolar | Villager (Male) |
| 21:26 | Construir | House |
| 21:30 | Encolar | Spearman |
| 21:33 | Edad | Edad de los Castillos |
| 21:36 | Construir | Lumber Camp |
| 21:44 | Construir | Siege Workshop |
| 21:45 | Encolar | Villager (Male) |
| 22:14 | Investigar | Light Cavalry (upgrade) |
| 22:19 | Investigar | Pikeman (upgrade) |
| 22:19 | Encolar | Spearman |
| 22:20 | Encolar | Spearman |
| 22:31 | Encolar | Mangonel |
| 22:31 | Encolar | Mangonel |
| 22:35 | Encolar | Villager (Male) |
| 22:36 | Encolar | Villager (Male) |
| 23:02 | Encolar | Scout Cavalry |
| 23:02 | Encolar | Knight |
| 23:02 | Encolar | Knight |
| 23:03 | Encolar | Scout Cavalry |
| 23:08 | Encolar | Villager (Male) |
| 23:38 | Encolar | Skirmisher |
| 23:39 | Encolar | Skirmisher |
| 23:39 | Encolar | Skirmisher |
| 23:43 | Encolar | Villager (Male) |
| 23:44 | Encolar | Villager (Male) |
| 24:16 | Encolar | Scout Cavalry |
| 24:17 | Encolar | Scout Cavalry |
| 24:18 | Encolar | Scout Cavalry |
| 24:26 | Encolar | Skirmisher |
| 24:27 | Encolar | Skirmisher |
| 24:32 | Construir | Farm |
| 24:34 | Encolar | Villager (Male) |
| 24:34 | Encolar | Villager (Male) |
| 24:38 | Investigar | Double-Bit Axe |
| 24:53 | Construir | House |
| 25:01 | Encolar | Villager (Male) |
| 25:54 | Construir | Mining Camp |
| 26:06 | Encolar | Villager (Male) |
| 26:07 | Encolar | Villager (Male) |
| 26:07 | Encolar | Villager (Male) |
| 26:37 | Construir | Castle |
| 26:39 | Encolar | Villager (Male) |
| 26:40 | Encolar | Villager (Male) |
| 27:03 | Construir | Lumber Camp |
| 27:12 | Encolar | Skirmisher |
| 27:12 | Encolar | Skirmisher |
| 27:12 | Encolar | Skirmisher |
| 27:28 | Encolar | Villager (Male) |
| 27:28 | Encolar | Villager (Male) |
Build order — BackupFish20185
Primeras 150 de 247 acciones detectadas
| 0:32 | Encolar | Villager (Male) |
| 0:33 | Investigar | Loom |
| 0:33 | Encolar | Villager (Male) |
| 0:34 | Encolar | Villager (Male) |
| 0:34 | Encolar | Villager (Male) |
| 0:34 | Encolar | Villager (Male) |
| 0:56 | Construir | House |
| 0:57 | Construir | House |
| 0:59 | Construir | House |
| 1:49 | Construir | House |
| 1:50 | Construir | House |
| 1:52 | Construir | House |
| 1:56 | Construir | House |
| 2:01 | Encolar | Villager (Male) |
| 2:51 | Encolar | Villager (Male) |
| 3:18 | Encolar | Villager (Male) |
| 3:46 | Encolar | Villager (Male) |
| 4:03 | Encolar | Villager (Male) |
| 4:35 | Construir | Outpost |
| 4:38 | Encolar | Villager (Male) |
| 4:38 | Encolar | Villager (Male) |
| 4:39 | Encolar | Villager (Male) |
| 4:51 | Encolar | Villager (Male) |
| 5:23 | Encolar | Villager (Male) |
| 5:26 | Encolar | Villager (Male) |
| 6:22 | Construir | Outpost |
| 7:09 | Encolar | Villager (Male) |
| 7:09 | Encolar | Villager (Male) |
| 7:09 | Encolar | Villager (Male) |
| 7:10 | Encolar | Villager (Male) |
| 7:10 | Encolar | Villager (Male) |
| 7:11 | Encolar | Villager (Male) |
| 7:11 | Encolar | Villager (Male) |
| 7:56 | Construir | Palisade Wall |
| 8:02 | Encolar | Villager (Male) |
| 8:02 | Encolar | Villager (Male) |
| 9:18 | Construir | Mill |
| 9:52 | Construir | Lumber Camp |
| 10:14 | Encolar | Villager (Male) |
| 10:14 | Encolar | Villager (Male) |
| 11:47 | Investigar | Feudal Age |
| 12:13 | Construir | Barracks |
| 13:38 | Encolar | Militia |
| 14:15 | Construir | Stone Wall |
| 14:23 | Encolar | Villager (Male) |
| 14:23 | Encolar | Villager (Male) |
| 14:23 | Encolar | Villager (Male) |
| 14:23 | Encolar | Villager (Male) |
| 14:40 | Construir | Farm |
| 14:42 | Construir | Farm |
| 14:43 | Construir | Farm |
| 14:44 | Construir | Farm |
| 14:45 | Construir | Farm |
| 14:47 | Investigar | Horse Collar |
| 15:22 | Construir | Gate |
| 15:36 | Investigar | Double-Bit Axe |
| 15:50 | Encolar | Villager (Male) |
| 16:17 | Encolar | Villager (Male) |
| 16:17 | Encolar | Villager (Male) |
| 16:44 | Encolar | Villager (Male) |
| 16:44 | Encolar | Villager (Male) |
| 17:15 | Construir | Farm |
| 17:16 | Construir | Farm |
| 17:18 | Construir | Farm |
| 17:19 | Construir | Farm |
| 17:20 | Construir | Farm |
| 17:22 | Encolar | Villager (Male) |
| 17:23 | Encolar | Villager (Male) |
| 17:23 | Encolar | Villager (Male) |
| 18:25 | Encolar | Villager (Male) |
| 18:25 | Encolar | Villager (Male) |
| 18:48 | Construir | House |
| 18:49 | Construir | House |
| 18:50 | Construir | House |
| 18:51 | Construir | House |
| 19:00 | Construir | Mining Camp |
| 19:04 | Encolar | Villager (Male) |
| 19:05 | Encolar | Villager (Male) |
| 19:39 | Encolar | Villager (Male) |
| 19:39 | Encolar | Villager (Male) |
| 20:04 | Construir | Archery Range |
| 20:38 | Construir | Farm |
| 20:39 | Construir | Farm |
| 20:41 | Construir | Farm |
| 20:42 | Construir | Farm |
| 20:43 | Construir | Farm |
| 20:45 | Construir | Farm |
| 20:46 | Construir | Farm |
| 21:05 | Construir | Stone Wall |
| 21:19 | Encolar | Villager (Male) |
| 21:19 | Encolar | Villager (Male) |
| 21:20 | Encolar | Villager (Male) |
| 21:20 | Encolar | Villager (Male) |
| 21:20 | Encolar | Villager (Male) |
| 21:34 | Encolar | Spearman |
| 21:34 | Encolar | Spearman |
| 21:34 | Encolar | Spearman |
| 21:34 | Encolar | Spearman |
| 21:43 | Construir | Blacksmith |
| 21:57 | Encolar | Spearman |
| 21:57 | Encolar | Spearman |
| 22:09 | Construir | Mining Camp |
| 22:18 | Encolar | Villager (Male) |
| 22:18 | Encolar | Villager (Male) |
| 22:18 | Encolar | Villager (Male) |
| 22:26 | Investigar | Scale Mail Armor |
| 22:27 | Investigar | Forging |
| 22:39 | Construir | Barracks |
| 23:27 | Encolar | Spearman |
| 23:27 | Encolar | Spearman |
| 23:27 | Encolar | Spearman |
| 23:27 | Encolar | Spearman |
| 23:28 | Encolar | Spearman |
| 23:37 | Construir | Barracks |
| 24:44 | Construir | House |
| 24:45 | Construir | House |
| 24:46 | Construir | House |
| 24:47 | Construir | House |
| 25:02 | Investigar | Castle Age |
| 25:17 | Construir | Stone Wall |
| 25:36 | Construir | Stone Wall |
| 26:05 | Construir | Barracks |
| 26:10 | Construir | Barracks |
| 27:37 | Construir | Gate |
| 27:51 | Construir | Gate |
| 28:09 | Construir | Town Center |
| 28:12 | Investigar | Bow Saw |
| 28:16 | Investigar | Heavy Plow |
| 28:33 | Construir | Siege Workshop |
| 28:52 | Encolar | Villager (Male) |
| 28:53 | Encolar | Villager (Male) |
| 28:53 | Encolar | Villager (Male) |
| 28:53 | Encolar | Villager (Male) |
| 28:53 | Encolar | Villager (Male) |
| 28:58 | Encolar | Villager (Male) |
| 28:58 | Encolar | Villager (Male) |
| 28:58 | Encolar | Villager (Male) |
| 28:58 | Encolar | Villager (Male) |
| 28:59 | Encolar | Villager (Male) |
| 29:18 | Construir | University |
| 29:32 | Encolar | Mangonel |
| 29:32 | Encolar | Mangonel |
| 30:14 | Construir | Castle |
| 30:31 | Encolar | Villager (Male) |
| 30:31 | Encolar | Villager (Male) |
| 30:31 | Encolar | Villager (Male) |
| 30:32 | Encolar | Villager (Male) |
| 30:32 | Encolar | Villager (Male) |
| 30:32 | Encolar | Villager (Male) |
| 31:04 | Investigar | Ballistics |
Build order — 阿包又屎又烂瘾
Primeras 150 de 441 acciones detectadas
| 0:01 | Encolar | Villager (Male) |
| 0:01 | Encolar | Villager (Male) |
| 0:02 | Encolar | Villager (Male) |
| 0:02 | Encolar | Villager (Male) |
| 0:02 | Encolar | Villager (Male) |
| 0:04 | Construir | House |
| 0:05 | Construir | House |
| 1:30 | Encolar | Villager (Male) |
| 1:44 | Construir | Lumber Camp |
| 1:58 | Encolar | Villager (Male) |
| 2:16 | Encolar | Villager (Male) |
| 2:44 | Encolar | Villager (Male) |
| 3:13 | Construir | House |
| 3:16 | Encolar | Villager (Male) |
| 3:36 | Encolar | Villager (Male) |
| 3:49 | Encolar | Villager (Male) |
| 4:02 | Construir | Mill |
| 4:22 | Encolar | Villager (Male) |
| 4:57 | Encolar | Villager (Male) |
| 4:57 | Encolar | Villager (Male) |
| 5:11 | Construir | House |
| 5:14 | Encolar | Villager (Male) |
| 5:28 | Encolar | Villager (Male) |
| 5:53 | Encolar | Villager (Male) |
| 6:03 | Encolar | Villager (Male) |
| 6:04 | Construir | Mill |
| 6:53 | Encolar | Villager (Male) |
| 7:08 | Encolar | Villager (Male) |
| 7:20 | Construir | House |
| 7:28 | Encolar | Villager (Male) |
| 8:28 | Investigar | Feudal Age |
| 8:28 | Investigar | Feudal Age |
| 8:35 | Construir | Mining Camp |
| 9:07 | Encolar | Villager (Male) |
| 10:38 | Edad | Edad Feudal |
| 10:51 | Encolar | Villager (Male) |
| 10:59 | Construir | House |
| 11:10 | Construir | Market |
| 11:11 | Construir | Blacksmith |
| 11:20 | Encolar | Villager (Male) |
| 11:35 | Encolar | Villager (Male) |
| 12:00 | Encolar | Villager (Male) |
| 12:04 | Construir | Mill |
| 12:21 | Investigar | Castle Age |
| 12:21 | Investigar | Castle Age |
| 12:21 | Investigar | Castle Age |
| 13:09 | Construir | Stone Wall |
| 13:30 | Construir | Stone Wall |
| 13:33 | Encolar | Villager (Male) |
| 13:55 | Construir | Stone Wall |
| 14:08 | Construir | Stone Wall |
| 14:34 | Construir | Stone Wall |
| 14:41 | Construir | Stone Wall |
| 14:57 | Construir | Farm |
| 14:57 | Construir | Farm |
| 14:58 | Construir | Farm |
| 14:58 | Construir | Farm |
| 15:00 | Construir | Farm |
| 15:00 | Construir | Farm |
| 15:03 | Edad | Edad de los Castillos |
| 15:07 | Encolar | Villager (Male) |
| 15:10 | Encolar | Villager (Male) |
| 15:15 | Construir | House |
| 15:31 | Construir | Stone Wall |
| 15:37 | Encolar | Villager (Male) |
| 16:17 | Encolar | Villager (Male) |
| 16:31 | Construir | Stone Wall |
| 16:40 | Encolar | Villager (Male) |
| 17:00 | Construir | Farm |
| 17:00 | Construir | Farm |
| 17:01 | Construir | Farm |
| 17:01 | Construir | Farm |
| 17:02 | Construir | Farm |
| 17:05 | Construir | Farm |
| 17:07 | Encolar | Villager (Male) |
| 17:25 | Construir | Stone Wall |
| 17:38 | Construir | Stone Wall |
| 17:42 | Encolar | Villager (Male) |
| 18:00 | Encolar | Villager (Male) |
| 18:07 | Construir | Town Center |
| 18:33 | Construir | House |
| 18:35 | Construir | House |
| 18:37 | Construir | House |
| 18:43 | Construir | Stone Wall |
| 18:57 | Encolar | Villager (Male) |
| 19:03 | Construir | Farm |
| 19:07 | Construir | Farm |
| 19:17 | Investigar | Double-Bit Axe |
| 19:18 | Investigar | Double-Bit Axe |
| 19:24 | Encolar | Villager (Male) |
| 19:35 | Construir | House |
| 19:38 | Encolar | Villager (Male) |
| 19:50 | Encolar | Villager (Male) |
| 19:51 | Encolar | Villager (Male) |
| 19:51 | Encolar | Villager (Male) |
| 19:52 | Encolar | Villager (Male) |
| 20:08 | Encolar | Villager (Male) |
| 20:11 | Construir | House |
| 20:17 | Encolar | Villager (Male) |
| 20:25 | Construir | Lumber Camp |
| 20:26 | Encolar | Villager (Male) |
| 20:42 | Investigar | Bow Saw |
| 20:42 | Investigar | Bow Saw |
| 20:49 | Encolar | Villager (Male) |
| 21:00 | Encolar | Villager (Male) |
| 21:12 | Encolar | Villager (Male) |
| 21:31 | Construir | Siege Workshop |
| 21:33 | Encolar | Villager (Male) |
| 22:00 | Encolar | Mangonel |
| 22:21 | Encolar | Villager (Male) |
| 22:22 | Encolar | Villager (Male) |
| 22:35 | Encolar | Scorpion |
| 22:48 | Construir | Castle |
| 23:29 | Construir | House |
| 23:29 | Construir | House |
| 23:29 | Construir | House |
| 23:30 | Construir | House |
| 23:30 | Construir | House |
| 23:30 | Construir | House |
| 23:30 | Construir | House |
| 23:51 | Encolar | Villager (Male) |
| 23:51 | Encolar | Villager (Male) |
| 23:52 | Encolar | Villager (Male) |
| 23:53 | Encolar | Villager (Male) |
| 23:54 | Encolar | Villager (Male) |
| 24:07 | Construir | House |
| 24:11 | Encolar | Villager (Male) |
| 24:25 | Construir | Town Center |
| 24:32 | Construir | Lumber Camp |
| 24:43 | Encolar | Villager (Male) |
| 24:50 | Encolar | Villager (Male) |
| 24:52 | Encolar | Villager (Male) |
| 24:57 | Encolar | Villager (Male) |
| 25:00 | Construir | Farm |
| 25:00 | Construir | Farm |
| 25:01 | Construir | Farm |
| 25:01 | Construir | Farm |
| 25:02 | Construir | Farm |
| 25:04 | Encolar | Villager (Male) |
| 25:07 | Encolar | Villager (Male) |
| 25:20 | Encolar | Villager (Male) |
| 25:32 | Encolar | Villager (Male) |
| 25:32 | Encolar | Villager (Male) |
| 25:35 | Encolar | Villager (Male) |
| 25:38 | Construir | Farm |
| 25:38 | Construir | Farm |
| 25:39 | Construir | Farm |
| 25:39 | Construir | Farm |
| 25:40 | Construir | Farm |
| 25:47 | Construir | Farm |
Build order — vitavidal91
Primeras 150 de 379 acciones detectadas
| 0:02 | Encolar | Villager (Male) |
| 0:02 | Encolar | Villager (Male) |
| 0:04 | Construir | House |
| 0:05 | Construir | House |
| 0:35 | Encolar | Villager (Male) |
| 0:36 | Encolar | Villager (Male) |
| 0:36 | Encolar | Villager (Male) |
| 1:29 | Encolar | Villager (Male) |
| 2:07 | Encolar | Villager (Male) |
| 2:35 | Encolar | Villager (Male) |
| 2:54 | Encolar | Villager (Male) |
| 3:17 | Encolar | Villager (Male) |
| 3:58 | Encolar | Villager (Male) |
| 4:20 | Encolar | Villager (Male) |
| 4:48 | Encolar | Villager (Male) |
| 4:51 | Construir | House |
| 5:00 | Encolar | Villager (Male) |
| 5:08 | Encolar | Villager (Male) |
| 6:21 | Encolar | Villager (Male) |
| 6:37 | Construir | House |
| 6:49 | Construir | Lumber Camp |
| 6:53 | Encolar | Villager (Male) |
| 7:00 | Construir | Mill |
| 7:19 | Encolar | Villager (Male) |
| 7:45 | Investigar | Loom |
| 8:10 | Encolar | Villager (Male) |
| 8:36 | Investigar | Feudal Age |
| 8:46 | Construir | Barracks |
| 8:48 | Construir | House |
| 9:16 | Construir | Mill |
| 10:15 | Encolar | Villager (Male) |
| 10:46 | Edad | Edad Feudal |
| 10:47 | Encolar | Villager (Male) |
| 10:55 | Construir | Blacksmith |
| 10:58 | Construir | House |
| 11:01 | Encolar | Villager (Male) |
| 11:20 | Construir | Mining Camp |
| 11:57 | Encolar | Villager (Male) |
| 12:03 | Construir | Farm |
| 12:17 | Encolar | Villager (Male) |
| 12:56 | Encolar | Villager (Male) |
| 12:56 | Encolar | Villager (Male) |
| 13:04 | Construir | Archery Range |
| 13:08 | Encolar | Villager (Male) |
| 13:37 | Construir | Farm |
| 13:39 | Construir | Farm |
| 13:45 | Construir | House |
| 13:48 | Construir | House |
| 13:51 | Encolar | Villager (Male) |
| 14:06 | Construir | House |
| 14:09 | Construir | House |
| 14:19 | Construir | Farm |
| 14:48 | Investigar | Castle Age |
| 14:52 | Construir | House |
| 15:17 | Construir | House |
| 15:47 | Construir | Barracks |
| 16:00 | Construir | Mining Camp |
| 16:16 | Construir | Stone Wall |
| 16:23 | Construir | Farm |
| 16:25 | Construir | Farm |
| 16:27 | Construir | Farm |
| 16:28 | Construir | Farm |
| 16:31 | Construir | Farm |
| 16:36 | Construir | Farm |
| 17:02 | Encolar | Villager (Male) |
| 17:16 | Construir | House |
| 17:18 | Construir | House |
| 17:20 | Construir | House |
| 17:21 | Construir | House |
| 17:22 | Construir | House |
| 17:26 | Encolar | Spearman |
| 17:26 | Encolar | Spearman |
| 17:28 | Edad | Edad de los Castillos |
| 17:35 | Encolar | Villager (Male) |
| 17:57 | Construir | Lumber Camp |
| 18:05 | Encolar | Villager (Male) |
| 18:30 | Construir | House |
| 18:48 | Construir | Town Center |
| 18:53 | Encolar | Villager (Male) |
| 18:54 | Encolar | Villager (Male) |
| 18:58 | Construir | House |
| 19:00 | Construir | House |
| 19:01 | Construir | House |
| 19:02 | Construir | House |
| 19:12 | Encolar | Villager (Male) |
| 19:12 | Encolar | Villager (Male) |
| 19:20 | Construir | Palisade Wall |
| 19:27 | Investigar | Double-Bit Axe |
| 19:50 | Encolar | Villager (Male) |
| 20:32 | Encolar | Villager (Male) |
| 20:39 | Construir | Barracks |
| 20:58 | Encolar | Villager (Male) |
| 20:58 | Encolar | Villager (Male) |
| 21:03 | Encolar | Villager (Male) |
| 21:04 | Encolar | Villager (Male) |
| 21:04 | Encolar | Villager (Male) |
| 21:29 | Construir | Mining Camp |
| 21:34 | Encolar | Villager (Male) |
| 21:48 | Construir | House |
| 21:53 | Encolar | Villager (Male) |
| 21:53 | Encolar | Villager (Male) |
| 21:53 | Encolar | Villager (Male) |
| 21:56 | Construir | Farm |
| 21:59 | Construir | Farm |
| 22:03 | Construir | Farm |
| 22:07 | Construir | House |
| 22:08 | Construir | House |
| 22:15 | Construir | Farm |
| 22:23 | Investigar | Horse Collar |
| 22:46 | Construir | Archery Range |
| 22:50 | Encolar | Villager (Male) |
| 23:10 | Construir | Archery Range |
| 23:12 | Encolar | Villager (Male) |
| 23:12 | Encolar | Villager (Male) |
| 23:14 | Encolar | Villager (Male) |
| 23:14 | Encolar | Villager (Male) |
| 23:18 | Construir | Farm |
| 23:20 | Construir | Farm |
| 23:26 | Construir | House |
| 23:28 | Construir | House |
| 23:29 | Construir | House |
| 23:56 | Investigar | Fletching |
| 24:03 | Construir | Archery Range |
| 24:05 | Encolar | Archer |
| 24:05 | Encolar | Archer |
| 24:06 | Encolar | Archer |
| 24:07 | Encolar | Villager (Male) |
| 24:07 | Encolar | Villager (Male) |
| 24:09 | Encolar | Villager (Male) |
| 24:09 | Encolar | Villager (Male) |
| 24:21 | Construir | Farm |
| 24:39 | Encolar | Archer |
| 24:40 | Encolar | Archer |
| 24:44 | Investigar | Padded Archer Armor |
| 24:52 | Construir | Monastery |
| 24:56 | Construir | University |
| 25:02 | Encolar | Villager (Male) |
| 25:04 | Encolar | Villager (Male) |
| 25:04 | Encolar | Villager (Male) |
| 25:04 | Encolar | Villager (Male) |
| 25:14 | Encolar | Archer |
| 25:14 | Encolar | Archer |
| 25:14 | Encolar | Archer |
| 25:14 | Encolar | Archer |
| 25:18 | Construir | Archery Range |
| 25:20 | Encolar | Archer |
| 25:21 | Encolar | Archer |
| 25:21 | Encolar | Archer |
| 25:21 | Encolar | Archer |
| 25:21 | Encolar | Archer |
Build order — 啊斯基烂坦
Primeras 150 de 213 acciones detectadas
| 0:02 | Encolar | Villager (Male) |
| 0:02 | Encolar | Villager (Male) |
| 0:03 | Encolar | Villager (Male) |
| 0:03 | Encolar | Villager (Male) |
| 0:06 | Construir | House |
| 0:08 | Construir | House |
| 1:43 | Encolar | Villager (Male) |
| 2:16 | Encolar | Villager (Male) |
| 2:17 | Encolar | Villager (Male) |
| 2:17 | Encolar | Villager (Male) |
| 2:59 | Encolar | Villager (Male) |
| 3:00 | Encolar | Villager (Male) |
| 3:06 | Construir | Lumber Camp |
| 3:35 | Construir | House |
| 3:55 | Encolar | Villager (Male) |
| 4:10 | Encolar | Villager (Male) |
| 4:37 | Encolar | Villager (Male) |
| 4:59 | Encolar | Villager (Male) |
| 5:14 | Construir | Mill |
| 5:18 | Encolar | Villager (Male) |
| 5:36 | Construir | House |
| 6:13 | Construir | Mill |
| 6:36 | Encolar | Villager (Male) |
| 6:41 | Encolar | Villager (Male) |
| 7:23 | Encolar | Villager (Male) |
| 7:46 | Encolar | Villager (Male) |
| 7:56 | Construir | House |
| 8:14 | Encolar | Villager (Male) |
| 8:18 | Construir | Mining Camp |
| 8:27 | Encolar | Villager (Male) |
| 9:09 | Encolar | Villager (Male) |
| 9:35 | Investigar | Feudal Age |
| 10:12 | Encolar | Villager (Male) |
| 11:45 | Edad | Edad Feudal |
| 11:48 | Encolar | Villager (Male) |
| 12:12 | Construir | Market |
| 12:16 | Construir | Blacksmith |
| 12:22 | Encolar | Villager (Male) |
| 12:53 | Construir | House |
| 12:54 | Construir | House |
| 13:01 | Encolar | Villager (Male) |
| 13:30 | Investigar | Castle Age |
| 13:41 | Construir | Mining Camp |
| 14:36 | Construir | Barracks |
| 15:24 | Investigar | Double-Bit Axe |
| 15:55 | Construir | Archery Range |
| 16:07 | Encolar | Villager (Male) |
| 16:08 | Encolar | Villager (Male) |
| 16:10 | Edad | Edad de los Castillos |
| 16:22 | Construir | Town Center |
| 16:26 | Encolar | Villager (Male) |
| 17:18 | Encolar | Villager (Male) |
| 17:26 | Investigar | Gold Mining |
| 17:45 | Construir | Lumber Camp |
| 18:56 | Encolar | Villager (Male) |
| 18:56 | Encolar | Villager (Male) |
| 18:57 | Encolar | Villager (Male) |
| 18:58 | Encolar | Villager (Male) |
| 19:47 | Encolar | Villager (Male) |
| 19:49 | Encolar | Villager (Male) |
| 19:55 | Construir | Farm |
| 19:56 | Construir | Farm |
| 19:56 | Construir | Farm |
| 19:56 | Construir | Farm |
| 19:56 | Construir | Farm |
| 19:57 | Construir | Farm |
| 20:22 | Construir | Castle |
| 20:37 | Investigar | Loom |
| 20:51 | Encolar | Villager (Male) |
| 20:52 | Encolar | Villager (Male) |
| 21:00 | Construir | Farm |
| 21:00 | Construir | Farm |
| 21:00 | Construir | Farm |
| 21:13 | Construir | Mining Camp |
| 21:28 | Construir | Farm |
| 21:28 | Construir | Farm |
| 21:33 | Investigar | Horse Collar |
| 21:44 | Encolar | Unit 1968 |
| 21:45 | Encolar | Unit 1968 |
| 21:54 | Encolar | Villager (Male) |
| 21:54 | Encolar | Villager (Male) |
| 21:54 | Encolar | Villager (Male) |
| 22:10 | Investigar | Double-Bit Axe |
| 22:32 | Encolar | Unit 1968 |
| 22:54 | Investigar | Bow Saw |
| 23:55 | Encolar | Unit 1968 |
| 24:07 | Encolar | Villager (Male) |
| 24:08 | Encolar | Villager (Male) |
| 24:08 | Encolar | Villager (Male) |
| 24:18 | Encolar | Villager (Male) |
| 24:21 | Encolar | Villager (Male) |
| 24:38 | Construir | Castle |
| 24:46 | Encolar | Unit 1968 |
| 24:58 | Encolar | Unit 1968 |
| 25:00 | Encolar | Unit 1968 |
| 25:03 | Encolar | Unit 1968 |
| 25:13 | Investigar | Heavy Plow |
| 25:20 | Encolar | Villager (Male) |
| 25:21 | Encolar | Villager (Male) |
| 26:07 | Encolar | Unit 1968 ×5 |
| 26:07 | Encolar | Unit 1968 ×5 |
| 26:07 | Encolar | Unit 1968 ×5 |
| 26:07 | Encolar | Unit 1968 ×5 |
| 26:46 | Construir | Siege Workshop |
| 26:52 | Investigar | Tech 1080 |
| 26:52 | Encolar | Unit 1968 ×2 |
| 26:53 | Encolar | Unit 1968 ×2 |
| 27:12 | Encolar | Villager (Male) |
| 27:12 | Encolar | Villager (Male) |
| 27:15 | Encolar | Villager (Male) |
| 27:15 | Encolar | Villager (Male) |
| 27:31 | Encolar | Unit 1968 ×5 |
| 27:32 | Encolar | Unit 1968 ×5 |
| 27:53 | Encolar | Villager (Male) |
| 27:53 | Encolar | Villager (Male) |
| 27:54 | Encolar | Villager (Male) |
| 27:55 | Encolar | Villager (Male) |
| 28:26 | Construir | Town Center |
| 28:28 | Encolar | Villager (Male) |
| 28:29 | Encolar | Villager (Male) |
| 28:31 | Encolar | Villager (Male) |
| 29:11 | Encolar | Battering Ram |
| 30:02 | Encolar | Unit 1968 ×5 |
| 30:02 | Encolar | Unit 1968 ×5 |
| 30:03 | Encolar | Unit 1968 ×5 |
| 30:20 | Encolar | Villager (Male) |
| 30:20 | Encolar | Villager (Male) |
| 30:21 | Encolar | Villager (Male) |
| 30:24 | Encolar | Villager (Male) |
| 30:30 | Construir | Farm |
| 30:30 | Construir | Farm |
| 30:30 | Construir | Farm |
| 30:31 | Construir | Farm |
| 30:33 | Construir | Farm |
| 30:34 | Construir | Farm |
| 30:35 | Construir | Farm |
| 30:40 | Encolar | Villager (Male) |
| 30:40 | Encolar | Villager (Male) |
| 30:40 | Encolar | Villager (Male) |
| 31:11 | Encolar | Mangonel |
| 31:44 | Encolar | Battering Ram |
| 31:50 | Encolar | Unit 1968 ×2 |
| 31:50 | Encolar | Unit 1968 ×2 |
| 32:19 | Construir | Mining Camp |
| 32:41 | Encolar | Unit 1968 ×3 |
| 32:41 | Encolar | Unit 1968 ×3 |
| 32:41 | Encolar | Unit 1968 ×3 |
| 34:02 | Encolar | Villager (Male) |
| 34:02 | Encolar | Villager (Male) |
| 34:02 | Encolar | Villager (Male) |
Build order — GuilleLeopold17
Primeras 150 de 327 acciones detectadas
| 0:02 | Encolar | Villager (Male) |
| 0:02 | Encolar | Villager (Male) |
| 0:03 | Encolar | Villager (Male) |
| 0:03 | Encolar | Villager (Male) |
| 0:06 | Construir | House |
| 0:09 | Construir | House |
| 1:44 | Encolar | Villager (Male) |
| 1:44 | Encolar | Villager (Male) |
| 1:44 | Encolar | Villager (Male) |
| 2:09 | Encolar | Villager (Male) |
| 2:10 | Encolar | Villager (Male) |
| 2:17 | Construir | Lumber Camp |
| 2:43 | Encolar | Villager (Male) |
| 2:44 | Encolar | Villager (Male) |
| 2:44 | Encolar | Villager (Male) |
| 2:44 | Encolar | Villager (Male) |
| 3:02 | Encolar | Villager (Male) |
| 3:02 | Encolar | Villager (Male) |
| 3:02 | Encolar | Villager (Male) |
| 3:44 | Encolar | Villager (Male) |
| 3:44 | Encolar | Villager (Male) |
| 3:45 | Encolar | Villager (Male) |
| 4:19 | Encolar | Villager (Male) |
| 4:19 | Encolar | Villager (Male) |
| 4:29 | Construir | House |
| 4:30 | Construir | House |
| 4:35 | Encolar | Villager (Male) |
| 4:36 | Encolar | Villager (Male) |
| 5:16 | Encolar | Villager (Male) |
| 5:16 | Encolar | Villager (Male) |
| 5:16 | Encolar | Villager (Male) |
| 5:37 | Encolar | Villager (Male) |
| 5:38 | Encolar | Villager (Male) |
| 6:03 | Encolar | Villager (Male) |
| 6:07 | Encolar | Villager (Male) |
| 7:09 | Encolar | Villager (Male) |
| 7:09 | Encolar | Villager (Male) |
| 7:21 | Construir | Mill |
| 7:38 | Investigar | Loom |
| 8:08 | Encolar | Villager (Male) |
| 8:27 | Investigar | Feudal Age |
| 8:36 | Construir | Barracks |
| 9:16 | Encolar | Villager (Male) |
| 9:16 | Encolar | Villager (Male) |
| 9:45 | Construir | Mining Camp |
| 10:01 | Construir | House |
| 10:02 | Construir | House |
| 10:07 | Edad | Edad Feudal |
| 10:21 | Encolar | Villager (Male) |
| 11:06 | Encolar | Villager (Male) |
| 11:19 | Encolar | Spearman |
| 11:38 | Construir | Farm |
| 11:46 | Construir | Blacksmith |
| 12:20 | Construir | Mill |
| 13:22 | Encolar | Villager (Male) |
| 13:31 | Construir | Stable |
| 13:56 | Construir | Market |
| 14:17 | Construir | Farm |
| 14:17 | Construir | Farm |
| 14:17 | Construir | Farm |
| 14:18 | Construir | Farm |
| 14:18 | Construir | Farm |
| 14:18 | Construir | Farm |
| 14:18 | Construir | Farm |
| 14:19 | Construir | Farm |
| 14:19 | Construir | Farm |
| 14:19 | Construir | Farm |
| 14:20 | Construir | Farm |
| 14:20 | Construir | Farm |
| 14:21 | Construir | Farm |
| 14:21 | Construir | Farm |
| 14:21 | Construir | Farm |
| 14:22 | Construir | Farm |
| 14:37 | Construir | Farm |
| 14:37 | Construir | Farm |
| 14:37 | Construir | Farm |
| 14:38 | Construir | Farm |
| 14:38 | Construir | Farm |
| 14:38 | Construir | Farm |
| 14:38 | Construir | Farm |
| 15:23 | Investigar | Castle Age |
| 15:34 | Encolar | Spearman |
| 15:34 | Encolar | Spearman |
| 15:50 | Construir | House |
| 15:52 | Construir | House |
| 15:55 | Construir | House |
| 16:37 | Construir | Stable |
| 16:41 | Encolar | Villager (Male) |
| 16:41 | Encolar | Villager (Male) |
| 16:59 | Edad | Edad de los Castillos |
| 17:06 | Construir | House |
| 17:08 | Construir | House |
| 17:15 | Encolar | Battle Elephant |
| 17:16 | Encolar | Battle Elephant |
| 17:16 | Encolar | Battle Elephant |
| 17:16 | Encolar | Battle Elephant |
| 17:22 | Encolar | Villager (Male) |
| 17:22 | Encolar | Villager (Male) |
| 17:22 | Encolar | Villager (Male) |
| 17:36 | Encolar | Villager (Male) |
| 17:47 | Construir | Farm |
| 18:00 | Construir | Farm |
| 18:00 | Construir | Farm |
| 18:00 | Construir | Farm |
| 18:09 | Encolar | Battle Elephant |
| 18:09 | Encolar | Battle Elephant |
| 18:09 | Encolar | Battle Elephant |
| 18:39 | Encolar | Battle Elephant |
| 18:39 | Encolar | Battle Elephant |
| 18:39 | Encolar | Battle Elephant |
| 18:49 | Encolar | Battle Elephant |
| 18:49 | Encolar | Battle Elephant |
| 19:03 | Construir | Mining Camp |
| 19:08 | Encolar | Villager (Male) |
| 19:08 | Encolar | Villager (Male) |
| 19:14 | Encolar | Villager (Male) |
| 19:45 | Encolar | Battle Elephant |
| 19:46 | Encolar | Battle Elephant |
| 20:23 | Construir | Dock |
| 20:42 | Construir | Farm |
| 20:42 | Construir | Farm |
| 20:43 | Construir | Farm |
| 21:22 | Encolar | Battle Elephant ×4 |
| 21:22 | Encolar | Battle Elephant ×4 |
| 21:31 | Encolar | Battle Elephant |
| 21:31 | Encolar | Battle Elephant |
| 21:59 | Encolar | Battle Elephant |
| 21:59 | Encolar | Battle Elephant |
| 22:00 | Encolar | Battle Elephant |
| 22:03 | Encolar | Villager (Male) |
| 22:03 | Encolar | Villager (Male) |
| 22:04 | Encolar | Villager (Male) |
| 22:04 | Encolar | Villager (Male) |
| 22:46 | Construir | Town Center |
| 24:01 | Encolar | Fishing Ship |
| 24:02 | Encolar | Fishing Ship |
| 24:05 | Encolar | Villager (Male) |
| 24:05 | Encolar | Villager (Male) |
| 24:17 | Encolar | Villager (Male) |
| 24:17 | Encolar | Villager (Male) |
| 25:08 | Construir | Farm |
| 25:10 | Encolar | Villager (Male) |
| 25:27 | Encolar | Villager (Male) |
| 25:27 | Encolar | Villager (Male) |
| 25:47 | Construir | Castle |
| 26:08 | Encolar | Villager (Male) |
| 26:08 | Encolar | Villager (Male) |
| 26:16 | Encolar | Villager (Male) |
| 26:16 | Encolar | Villager (Male) |
| 26:36 | Encolar | Villager (Male) |
Cronología de la partida
| 7:56 | BackupFish20185 · wall_segment Palisade Wall x21 |
| 8:36 | GuilleLeopold17 · first_building Barracks |
| 8:46 | vitavidal91 · first_building Barracks |
| 10:07 | GuilleLeopold17 · age_up feudal |
| 10:37 | felipegarcia92 · first_building Barracks |
| 10:38 | 阿包又屎又烂瘾 · age_up feudal |
| 10:46 | vitavidal91 · age_up feudal |
| 11:45 | 啊斯基烂坦 · age_up feudal |
| 12:13 | BackupFish20185 · first_building Barracks |
| 12:15 | 阿包又屎又烂瘾 · first_market_sell 100 stone |
| 12:20 | tatomagallanes · first_building Barracks |
| 12:25 | felipegarcia92 · age_up feudal |
| 12:40 | .:sTeeL:. · age_up feudal |
| 12:44 | felipegarcia92 · first_building Stable |
| 12:52 | tatomagallanes · age_up feudal |
| 13:04 | vitavidal91 · first_building Archery Range |
| 13:09 | 阿包又屎又烂瘾 · wall_segment Stone Wall x12 |
| 13:16 | tatomagallanes · first_building Stable |
| 13:24 | 啊斯基烂坦 · first_market_sell 100 stone |
| 13:26 | 啊斯基烂坦 · first_market_buy 100 food |
| 13:30 | 阿包又屎又烂瘾 · wall_segment Stone Wall x24 |
| 13:31 | GuilleLeopold17 · first_building Stable |
| 13:55 | 阿包又屎又烂瘾 · wall_segment Stone Wall x6 |
| 14:08 | 阿包又屎又烂瘾 · wall_segment Stone Wall x8 |
| 14:15 | BackupFish20185 · wall_segment Stone Wall x28 |
| 14:25 | tatomagallanes · wall_segment Stone Wall x6 |
| 14:34 | 阿包又屎又烂瘾 · wall_segment Stone Wall x13 |
| 14:36 | 啊斯基烂坦 · first_building Barracks |
| 14:41 | 阿包又屎又烂瘾 · wall_segment Stone Wall x3 |
| 14:53 | tatomagallanes · wall_segment Stone Wall x9 |
| 15:03 | 阿包又屎又烂瘾 · age_up castle |
| 15:10 | .:sTeeL:. · first_building Barracks |
| 15:20 | GuilleLeopold17 · first_market_buy 100 food |
| 15:31 | 阿包又屎又烂瘾 · wall_segment Stone Wall x16 |
| 15:55 | 啊斯基烂坦 · first_building Archery Range |
| 15:57 | .:sTeeL:. · first_market_sell 100 food |
| 15:59 | tatomagallanes · wall_segment Stone Wall x1 |
| 16:07 | tatomagallanes · wall_segment Stone Wall x4 |
| 16:10 | 啊斯基烂坦 · age_up castle |
| 16:16 | vitavidal91 · wall_segment Stone Wall x10 |
| 16:31 | 阿包又屎又烂瘾 · wall_segment Stone Wall x8 |
| 16:50 | tatomagallanes · age_up castle |
| 16:59 | GuilleLeopold17 · age_up castle |
| 17:25 | 阿包又屎又烂瘾 · wall_segment Stone Wall x10 |
| 17:28 | vitavidal91 · age_up castle |
| 17:38 | 阿包又屎又烂瘾 · wall_segment Stone Wall x17 |
| 18:43 | 阿包又屎又烂瘾 · wall_segment Stone Wall x1 |
| 18:44 | .:sTeeL:. · age_up castle |
| 18:59 | felipegarcia92 · first_building Archery Range |
| 19:10 | felipegarcia92 · wall_segment Palisade Wall x1 |
| 19:20 | vitavidal91 · wall_segment Palisade Wall x16 |
| 20:04 | BackupFish20185 · first_building Archery Range |
| 20:22 | 啊斯基烂坦 · first_building Castle |
| 20:23 | GuilleLeopold17 · first_building Dock |
| 21:05 | BackupFish20185 · wall_segment Stone Wall x40 |
| 21:31 | 阿包又屎又烂瘾 · first_building Siege Workshop |
| 21:33 | felipegarcia92 · age_up castle |
| 21:44 | felipegarcia92 · first_building Siege Workshop |
| 22:41 | 阿包又屎又烂瘾 · first_market_buy 100 stone |
| 22:48 | 阿包又屎又烂瘾 · first_building Castle |
| 24:52 | vitavidal91 · first_building Monastery |
| 25:00 | tatomagallanes · first_building Castle |
| 25:01 | .:sTeeL:. · first_building Castle |
| 25:17 | BackupFish20185 · wall_segment Stone Wall x17 |
| 25:36 | BackupFish20185 · wall_segment Stone Wall x38 |
| 25:47 | GuilleLeopold17 · first_building Castle |
| 26:37 | felipegarcia92 · first_building Castle |
| 26:46 | 啊斯基烂坦 · first_building Siege Workshop |
| 28:33 | BackupFish20185 · first_building Siege Workshop |
| 28:57 | tatomagallanes · first_building Siege Workshop |
| 29:13 | vitavidal91 · first_market_sell 100 wood |
| 30:14 | BackupFish20185 · first_building Castle |
| 30:28 | GuilleLeopold17 · first_building Siege Workshop |
| 30:37 | 阿包又屎又烂瘾 · first_building Monastery |
| 31:16 | 阿包又屎又烂瘾 · age_up imperial |
| 32:23 | 阿包又屎又烂瘾 · first_building Barracks |
| 33:12 | .:sTeeL:. · age_up imperial |
| 33:36 | 阿包又屎又烂瘾 · first_building Stable |
| 34:15 | vitavidal91 · first_building Siege Workshop |
| 35:13 | vitavidal91 · first_building Castle |
| 37:38 | GuilleLeopold17 · first_market_sell 500 stone |
| 39:34 | vitavidal91 · age_up imperial |
| 40:52 | BackupFish20185 · first_market_buy 100 wood |
| 44:01 | tatomagallanes · age_up imperial |
| 46:10 | GuilleLeopold17 · resign |
[ ANÁLISIS IA · 1 CRÉDITO ]
¿Qué pasó realmente en esta partida?
Wolo.gg analiza cada decisión: build order, eco, micro, errores típicos por bracket. Análisis personalizado por WhatsApp o Discord en 30 segundos.
Guía civ
Etíopes
Perfil
Jugador #18791477